 Dungeon Crawl Stone Soup version 0.23.2-40-g277498a (webtiles) character file.

Game seed: 17919736380609826195

9795 CrazyJ the Reanimator (level 11, -1/93 HPs)
             Began as a Yellow Draconian Wanderer on Sept 22, 2019.
             Was a High Priest of Dithmenos.
             Slain by a killer bee (3 damage)
             ... on level 11 of the Dungeon.
             The game lasted 01:11:57 (13054 turns).

CrazyJ the Reanimator (Yellow Draconian Wanderer)  Turns: 13054, Time: 01:11:58

Health: -1/93      AC:  8    Str: 11 (13) XL:     11   Next: 27%
Magic:  14/19      EV: 12    Int: 18 (20) God:    Dithmenos [*****.]
Gold:   486        SH:  0    Dex:  5 (8)  Spells: 3/21 levels left

rFire    + . .     SeeInvis .   v - +2 quarterstaff (chaos)
rCold    + . .     Gourm    .   (shield currently unavailable)
rNeg     . . .     Faith    .   (armour unavailable)
rPois    .         Spirit   .   (helmet restricted)
rElec    .         Reflect  .   B - scarf {rC+ rF+}
rCorr    +         Harm     .   w - +0 pair of gloves
MR       .....                  (no boots)
Stlth    +++.......             (no amulet)
HPRegen  1.25/turn              (no ring)
MPRegen  0.16/turn              (no ring)

@: lethally poisoned (-1 -> -2), short of breath, regenerating (expiring),
wreathed by umbra
A: spit acid, unfitting armour, hooves 1, clever 1, weak 1, cold-blooded, acid
resistance, AC +7
a: Breathe Acid, Shadow Step, Shadow Form, Renounce Religion


You were on level 11 of the Dungeon.
You worshipped Dithmenos.
Dithmenos was extremely pleased with you.
You were not hungry.

You visited 2 branches of the dungeon, and saw 12 of its levels.

You collected 486 gold pieces.

Inventory:

Hand Weapons
 a - a +0 hand crossbow
 h - a +0 short sword
 j - a +0 halberd
 m - a +0 hunting sling
 v - a +2 quarterstaff of chaos (weapon)
 C - a +0 trident
 E - a +0 war axe
 L - a +2 whip of flaming
Missiles
 b - 45 sling bullets
 c - 97 bolts
 i - 335 stones (quivered)
 l - 19 javelins
 s - 76 poisoned needles
Armour
 w - a +0 pair of gloves (worn)
 B - a scarf of resistance (worn)
 N - a +0 buckler
 X - a +0 cloak of invisibility
Jewellery
 R - an uncursed amulet of guardian spirit
Wands
 z - a wand of paralysis (17)
 A - a wand of acid (1)
 G - a wand of flame (18)
 P - a wand of iceblast (5)
 U - a wand of digging (3)
Scrolls
 d - 7 scrolls of teleportation
 g - 5 scrolls of remove curse
 n - 3 scrolls of magic mapping {unknown}
 u - 5 scrolls of amnesia
 y - 2 scrolls of immolation {unknown}
 D - 4 scrolls of identify
 J - 2 scrolls of random uselessness {unknown}
 K - 3 scrolls of noise {unknown}
 M - 2 scrolls of enchant armour {unknown}
 Q - 2 scrolls of blinking {unknown}
Potions
 e - a potion of flight
 k - a potion of ambrosia
 p - a potion of lignification
 q - a potion of haste
 S - 2 potions of curing
 W - a potion of mutation
Comestibles
 f - 13 rations


   Skills:
 + Level 7.6 Fighting
 + Level 5.8 Staves
 - Level 5.0 Crossbows
 + Level 5.2 Dodging
 + Level 5.2 Stealth
 + Level 5.8 Spellcasting
 + Level 4.9 Charms
 * Level 8.7 Necromancy
 + Level 3.1 Ice Magic
 - Level 1.0 Evocations


You had 3 spell levels left.
You knew the following spells:

 Your Spells              Type           Power        Failure   Level  Hunger
a - Pain                  Necr           ####         1%          1    None
b - Animate Skeleton      Necr           N/A          1%          1    None
c - Vampiric Draining     Necr           #####.....   1%          3    ##.....
d - Regeneration          Chrm/Necr      ####......   2%          3    ##.....
e - Animate Dead          Necr           N/A          3%          4    ####...
f - Simulacrum            Ice/Necr       ####......   86%         6    #######

Your spell library contained the following spells:

 Spells                   Type           Power        Failure   Level  Hunger
 Flame Tongue             Conj/Fire      #....        12%         1    None
 Sting                    Conj/Pois      #...         12%         1    None
 Bolt of Magma            Conj/Fire/Erth #.........   98%         5    #####..
 Spellforged Servitor     Conj/Summ      #.........   100%        7    #######


Dungeon Overview and Level Annotations

Branches:
Dungeon (11/15)            Temple (1/1) D:4
   Lair: D:8-11         Orc: D:9-12

Altars:
Ashenzari
Cheibriados
Dithmenos
Elyvilon
Fedhas
Gozag
Hepliaklqana
Kikubaaqudgha
Makhleb
Nemelex Xobeh
Okawaru
Qazlal
Ru
Sif Muna
Trog
Uskayaw
Vehumet
Wu Jian
Xom
Yredelemnul
Zin
The Shining One

Shops:
D:7 %

Annotations:
D:6 Menkaure
D:8 2 transporters, slugger's ghost, novice HaHu


Innate Abilities, Weirdness & Mutations

You can spit globs of acid.
Your golden yellow scales are hard. (AC +7)
You cannot fit into any form of body armour.
You are cold-blooded and may be slowed by cold attacks.
You are resistant to acid. (rCorr)
You have large cloven feet.
Your mind is acute. (Int +2)
You are weak. (Str -2)


Message History

Something stings your orc warrior skeleton.
The killer bee stings your orc warrior skeleton.
The killer bee stings you but does no damage.
The killer bee barely misses you.
You thump the killer bee! You freeze the killer bee.
You kill the killer bee!
Dithmenos accepts your kill.
You feel sick. Something completely misses you. The killer bee stings you.
* * * LOW HITPOINT WARNING * * *
Something stings you.
* * * LOW HITPOINT WARNING * * *
You are more poisoned.
Something poisons you!
The killer bee stings you but does no damage.
Your orc warrior skeleton misses the killer bee.
You miss the killer bee. Your kick misses the killer bee.
You feel sick. The killer bee barely misses you. Something stings you.
* * * LOW HITPOINT WARNING * * *
The killer bee stings you.
You die...

........# ...# ...
........# ...# ...
##......###...# ..####
..............####.....
.................#....
[................#..#
........#..#######..#
........#.......Zy..#
........#.......@{y.#
........#.......yy..#
#####################


You could see 4 killer bees and a friendly orc warrior skeleton.

Vanquished Creatures
  Harold (D:7)
  A two-headed ogre (D:9)
  Pikel (D:6)
  2 ugly things
  Maurice (D:9)
  Joseph (D:7)
  2 trolls
  A polar bear (shapeshifter) (D:4)
  A hornet (D:7)
  A hippogriff (D:9)
  A yak (D:10)
  Eustachio (D:4)
  Edmund (D:5)
  Duvessa (D:7)
  6 orc warriors
  A porcupine (D:10)
  A sky beast (D:11)
  2 slaves (D:6)
  2 ice beasts
  2 phantoms
  4 ogres
  9 centaurs
  A crocodile (D:10)
  3 big kobolds
  2 bullfrogs
  8 scorpions
  Dowan (D:7)
  4 killer bees
  2 howler monkeys
  3 crimson imps
  A bullfrog zombie (D:7)
  2 centaur zombies
  2 jellies
  A quasit (D:11)
  6 hounds
  Crazy Yiuf (D:2)
  A gnoll shaman (D:7)
  5 orc priests
  A centaur skeleton (D:7)
  5 iguanas
  Natasha (D:3)
  13 orc wizards
  6 worker ants
  12 gnolls
  A worker ant zombie (D:5)
  7 adders
  A shadow imp (D:6)
  An ooze (D:6)
  An adder zombie (D:7)
  An adder skeleton (D:5)
  2 worms (D:4)
  4 dart slugs
  10 leopard geckos
  57 orcs
  5 giant cockroaches
  9 goblins
  7 hobgoblins
  15 jackals
  4 quokkas
  4 ball pythons
  8 bats
  4 frilled lizards
  A giant cockroach zombie (D:6)
  A jackal zombie (D:7)
  15 kobolds
  A leopard gecko skeleton (D:5)
  8 rats
291 creatures vanquished.

Vanquished Creatures (collateral kills)
  An ice beast (D:11)
  2 sky beasts
  An ogre (D:6)
  A bullfrog (D:6)
  A howler monkey (D:6)
  A crimson imp (D:5)
  An orc priest (D:6)
  Natasha (D:3)
  2 adders (D:3)
  An adder skeleton (D:5)
  4 orcs
  3 jackals
  3 kobolds (D:11)
  A frilled lizard (D:3)
23 creatures vanquished.

Vanquished Creatures (others)
  A phantom (D:6)
  An iguana (D:4)
  Natasha (D:3)
  3 jackals (D:6)
  A kobold (D:3)
  21 plants (D:11)
28 creatures vanquished.

Grand Total: 342 creatures vanquished

Notes
Turn   | Place    | Note
-------+----------+-------------------------------------------
     0 | D:1      | CrazyJ the Draconian Wanderer began the quest for the Orb.
     0 | D:1      | CrazyJ set off with the following items: a +0 hand
                  | crossbow, 26 bolts, a scroll of teleportation, a ration;
                  | and the following spells available to memorise: Animate
                  | Skeleton, Pain, Vampiric Draining, Regeneration, Animate
                  | Dead
     0 | D:1      | Reached XP level 1. HP: 19/19 MP: 3/3
     3 | D:1      | Learned a level 1 spell: Pain
     5 | D:1      | Learned a level 1 spell: Animate Skeleton
    99 | D:1      | Reached XP level 2. HP: 27/27 MP: 5/5
   753 | D:1      | Reached XP level 3. HP: 33/33 MP: 6/6
   902 | D:1      | Learned a level 3 spell: Vampiric Draining
  1293 | D:2      | Found a blossoming altar of Fedhas.
  1297 | D:2      | Reached skill level 2 in Necromancy
  1331 | D:2      | Found a sparkling altar of Nemelex Xobeh.
  1370 | D:2      | Found a runed translucent door.
  1371 | D:2      | Noticed Crazy Yiuf
  1384 | D:2      | Killed Crazy Yiuf
  1384 | D:2      | Reached XP level 4. HP: 26/40 MP: 2/7
  1687 | D:2      | Noticed a centaur
  1696 | D:2      | Gained mutation: You are weak. (Str -2) [potion of
                  | mutation]
  1696 | D:2      | Gained mutation: Your mind is acute. (Int +2) [potion of
                  | mutation]
  1696 | D:2      | Gained mutation: You have large cloven feet. [potion of
                  | mutation]
  1698 | D:2      | Lost mutation: You are weak. (Str -2) [potion of mutation]
  1698 | D:2      | Lost mutation: You have large cloven feet. [potion of
                  | mutation]
  1698 | D:2      | Gained mutation: You are weak. (Str -2) [potion of
                  | mutation]
  1698 | D:2      | Lost mutation: Your mind is acute. (Int +2) [potion of
                  | mutation]
  1698 | D:2      | Gained mutation: Your mind is acute. (Int +2) [potion of
                  | mutation]
  1698 | D:2      | Gained mutation: You have large cloven feet. [potion of
                  | mutation]
  1705 | D:2      | Killed a centaur
  1705 | D:2      | Reached skill level 1 in Staves
  1705 | D:2      | Reached skill level 3 in Necromancy
  1705 | D:2      | Reached XP level 5. HP: 23/46 MP: 7/9
  2321 | D:2      | Found a faded altar of an unknown god.
  2414 | D:2      | Found a white marble altar of Elyvilon.
  2414 | D:2      | Found a snail-covered altar of Cheibriados.
  2536 | D:3      | Learned a level 3 spell: Regeneration
  2906 | D:3      | Noticed Natasha
  2908 | D:3      | Found a radiant altar of Vehumet.
  2918 | D:3      | Killed Natasha
  2918 | D:3      | Reached XP level 6. HP: 32/53 MP: 10/10
  3203 | D:3      | Noticed Natasha
  3214 | D:3      | Killed Natasha
  3214 | D:3      | Reached skill level 1 in Dodging
  3556 | D:3      | Reached skill level 1 in Charms
  3655 | D:3      | Killed Natasha
  4308 | D:4      | Reached skill level 4 in Necromancy
  4308 | D:4      | Your scales start taking on a golden yellow colour.
  4308 | D:4      | Reached XP level 7. HP: 51/60 MP: 8/11
  4308 | D:4      | Gained mutation: You are resistant to acid. (rCorr) [Yellow
                  | Draconian growth]
  4362 | D:4      | Found a shattered altar of Ashenzari.
  4456 | D:4      | Noticed Eustachio
  4467 | D:4      | Killed Eustachio
  4467 | D:4      | Reached skill level 5 in Fighting
  4515 | D:4      | Learned a level 4 spell: Animate Dead
  4517 | D:4      | Found a shadowy altar of Dithmenos.
  4624 | D:4      | Became a worshipper of Dithmenos the Shadowed
  5063 | D:4      | Found a staircase to the Ecumenical Temple.
  5080 | D:4      | Noticed a shapeshifter
  5080 | D:4      | a bullfrog changed into a shapeshifter
  5080 | D:4      | a shapeshifter changed into a soldier ant
  5082 | D:4      | Noticed a polar bear
  5082 | D:4      | a soldier ant changed into a polar bear
  5088 | D:4      | Killed a polar bear
  5088 | D:4      | Reached XP level 8. HP: 49/68 MP: 13/13
  5113 | D:4      | Identified the Volume of Duck's Teeth
  5133 | Temple   | Entered the Ecumenical Temple
  5245 | D:4      | Reached skill level 5 in Necromancy
  5411 | D:4      | Found an ornate altar of the Wu Jian Council.
  5901 | D:4      | Reached * piety under Dithmenos
  6168 | D:5      | Entered Level 5 of the Dungeon
  6599 | D:5      | Noticed Edmund
  6616 | D:5      | Killed Edmund
  7269 | D:6      | Noticed Pikel
  7473 | D:6      | Reached ** piety under Dithmenos
  7489 | D:6      | Reached XP level 9. HP: 53/75 MP: 12/15
  7499 | D:6      | Killed Pikel
  7499 | D:6      | Reached skill level 6 in Necromancy
  7644 | D:6      | Noticed Menkaure
  7950 | D:6      | Found a basalt altar of Yredelemnul.
  8152 | D:7      | Noticed Harold
  8172 | D:7      | Killed Harold
  8430 | D:7      | Reached skill level 7 in Necromancy
  8727 | D:7      | Reached XP level 10. HP: 61/84 MP: 17/17
  8808 | D:7      | Noticed Dowan
  8816 | D:7      | Killed Dowan
  8816 | D:7      | Reached *** piety under Dithmenos
  8858 | D:7      | Noticed Joseph
  8878 | D:7      | Killed Joseph
  8878 | D:7      | Reached skill level 5 in Spellcasting
  8951 | D:7      | Noticed Duvessa
  8972 | D:7      | Killed Duvessa
  8992 | D:7      | Found Ofiogh's Food Boutique.
  9050 | D:7      | Reached skill level 5 in Crossbows
  9100 | D:7      | Learned a level 6 spell: Simulacrum
  9571 | D:8      | Reached skill level 5 in Staves
  9724 | D:8      | Found a transporter.
  9735 | D:8      | Found a transporter.
  9738 | D:8      | Noticed slugger's ghost (novice HaHu)
  9978 | D:8      | Reached skill level 1 in Ice Magic
 10249 | D:8      | Reached **** piety under Dithmenos
 10438 | D:9      | Noticed a cyan ugly thing
 10450 | D:9      | Killed a cyan ugly thing
 10933 | D:9      | Reached skill level 8 in Necromancy
 11429 | D:9      | Found a stormy altar of Qazlal.
 11534 | D:9      | Noticed a two-headed ogre
 11550 | D:9      | Killed a two-headed ogre
 11785 | D:9      | Noticed Maurice
 11822 | D:9      | Killed Maurice
 11822 | D:9      | Reached XP level 11. HP: 76/92 MP: 19/19
 11987 | D:10     | Entered Level 10 of the Dungeon
 12071 | D:10     | Reached skill level 5 in Stealth
 12099 | D:11     | Reached skill level 5 in Dodging
 12183 | D:11     | Reached ***** piety under Dithmenos
 12363 | D:11     | Found a bloodstained altar of Trog.
 12427 | D:11     | Noticed a purple ugly thing
 12446 | D:11     | Killed a purple ugly thing
 13054 | D:11     | HP: 2/93 [something (5)]
 13054 | D:11     | Slain by a killer bee

Skill      XL: |  1  2  3  4  5  6  7  8  9 10 11 |
---------------+----------------------------------+-----
Crossbows      | 2 3 4 5 |  5.0
Necromancy     | 2 3 4 5 7 8 |  8.7
Fighting       | 4 5 6 7 |  7.6
Staves         | 1 2 3 4 5 |  5.8
Dodging        | 1 2 3 4 5 |  5.2
Spellcasting   | 3 4 5 |  5.8
Charms         | 1 2 3 4 |  4.9
Stealth        | 2 3 4 5 |  5.2
Ice Magic      | 2 3 |  3.1
Evocations     | |  1.0

Action                   |  1- 3 |  4- 6 |  7- 9 | 10-12 || total
-------------------------+-------+-------+-------+-------++-------
Melee: Short sword       |   118 |       |       |       ||   118
       Tailslap          |     7 |    10 |    23 |    33 ||    73
       Quarterstaff      |       |   140 |   327 |   390 ||   857
       Kick              |       |    16 |    60 |    68 ||   144
 Fire: Hand crossbow     |     8 |       |       |     9 ||    17
Throw: Stone             |     1 |       |     1 |       ||     2
 Cast: Pain              |     6 |       |     2 |     2 ||    10
       Animate Skeleton  |     2 |     9 |    16 |    22 ||    49
       Vampiric Draining |     1 |     2 |    16 |    35 ||    54
       Regeneration      |       |     1 |     2 |    10 ||    13
       Animate Dead      |       |       |     2 |     9 ||    11
 Abil: Breathe Acid      |       |       |     6 |    19 ||    25
Evoke: Wand              |       |       |       |     1 ||     1
  Use: Potion            |       |     5 |     1 |    15 ||    21
       Scroll            |       |       |       |     3 ||     3
 Stab: Sleeping          |     2 |       |     2 |     4 ||     8
       Distracted        |       |       |     1 |       ||     1
       Paralysed         |       |       |       |     4 ||     4
       Petrified         |       |       |       |     2 ||     2
  Eat: Chunk             |     2 |     9 |    15 |    14 ||    40
       Ration            |       |       |     1 |     2 ||     3
Armor: Skin              |    62 |    65 |    97 |   150 ||   374
Dodge: Dodged            |   118 |   112 |   231 |   346 ||   807
